 Dungeon Crawl Stone Soup version 0.31-a0-166-g46f44d267d (webtiles) character file.

Game seed: 8829313599669056116

1813 Morbidden the Magician (level 8, -6/66 HPs)
             Began as a Purple Draconian Transmuter on June 14, 2023.
             Was an Initiate of Cheibriados.
             Mangled by a gnoll
             ... wielding a +0 spear
              (7 damage)
             ... on level 7 of the Dungeon.
             The game lasted 00:12:33 (6798 turns).

Morbidden the Magician (DrTm)                       Turns: 6798, Time: 00:12:33

Health: -6/66      AC:  7    Str: 14    XL:     8   Next: 84%
Magic:  17/17      EV: 13    Int: 17    God:    Cheibriados [......]
Gold:   308        SH:  0    Dex: 12    Spells: 11/19 levels left

rFire   . . .        b - +2 long sword (elec)
rCold   . . .        (no shield)
rNeg    . . .        (body armour unavailable)
rPois   .            (helmet restricted)
rElec   .            (no cloak)
rCorr   .            (no gloves)
SInv    .            u - +0 pair of boots
Will    +....        k - amulet of regeneration
Stlth   +            (no ring)
HPRegen 1.11/turn    (no ring)
MPRegen 0.15/turn

%: no passive effects
@: wereblooded (expiring), very slow
A: breathe power, AC +6, unfitting armour, cold-blooded
a: Breathe Dispelling Energy, Renounce Religion


You were on level 7 of the Dungeon.
You worshipped Cheibriados.
Cheibriados was noncommittal.
You visited 2 branches of the dungeon, and saw 8 of its levels.
You also visited: Sewer.

You collected 308 gold pieces.

Inventory:

Hand Weapons
 a - a +2 dagger of venom
 b - a +2 long sword of electrocution (weapon)
 o - a +1 dagger of electrocution
Missiles
 j - 2 javelins
 p - 3 curare-tipped darts (quivered)
Armour
 u - a +0 pair of boots (worn)
Jewellery
 k - an amulet of regeneration (around neck)
 w - an amulet of the acrobat
Wands
 m - a wand of flame (11)
 r - a wand of polymorph (5)
 x - a wand of mindburst (8)
Scrolls
 d - 8 scrolls of identify {unknown}
 e - 3 scrolls of noise {unknown}
 f - 2 scrolls of poison {unknown}
 g - a scroll of blinking
 h - 2 scrolls of fear {unknown}
 i - 2 scrolls of teleportation {unknown}
 l - a scroll of silence {unknown}
 s - a scroll of amnesia {unknown}
 v - 2 scrolls of enchant armour {unknown}
 y - a scroll of vulnerability {unknown}
Potions
 c - a potion of haste {unknown}
 n - 2 potions of enlightenment {unknown}
 q - a potion of mutation {unknown}
 t - 2 potions of attraction {unknown}
 z - 2 potions of degeneration {unknown}
 A - a potion of might


   Skills:
 * Level 3.7 Fighting
 * Level 3.5(3.7) Short Blades
 + Level 1.8(2.9) Long Blades
 + Level 0.7 Throwing
 * Level 4.2 Dodging
 + Level 0.9 Stealth
 * Level 5.3 Unarmed Combat
 * Level 6.1 Spellcasting
 * Level 4.8 Transmutations
 * Level 2.5 Poison Magic
 * Level 1.0 Invocations
 * Level 1.1 Evocations


You had 11 spell levels left.
You knew the following spells:

 Your Spells              Type           Power      Damage    Failure   Level
a - Beastly Appendage     Tmut           42%        N/A       1%          1
b - Wereblood             Tmut           21%        N/A       2%          2
c - Olgreb's Toxic Radia  Pois           13%        N/A       41%         4
z - Sting                 Tmut/Pois      68%        1d6       2%          1

Your spell library contained the following spells:

 Spells                   Type           Power      Damage    Failure   Level
 Passwall                 Tmut/Erth      10%        N/A       7%          2
 Spider Form              Tmut/Pois      17%        N/A       9%          3
 Poisonous Vapours        Pois/Air       18%        N/A       12%         2
 Ignite Poison            Fire/Tmut/Pois 13%        N/A       14%         3
 Blink                    Tloc           10%        N/A       19%         2
 Lesser Beckoning         Tloc           10%        N/A       19%         2
 Momentum Strike          Conj/Tloc      10%        3d8       19%         2
 Ozocubu's Armour         Ice            5%         N/A       36%         3
 Ice Form                 Ice/Tmut       13%        N/A       43%         4
 Leda's Liquefaction      Hex/Erth       2%         N/A       77%         4
 Sticky Flame             Conj/Fire      5%         2d3       77%         4
 Metabolic Englaciation   Hex/Ice        2%         N/A       98%         5
 Leda's Unmaking          Conj/Erth      2%         9d1       100%        6
 Simulacrum               Ice/Necr       2%         N/A       100%        6
 Ignition                 Fire           2%         3d3       100%        8
 Animate Armour           Summ/Erth      Unusable   N/A       N/A         4

Dungeon Overview and Level Annotations

Branches:
Dungeon (6/15)             Temple (1/1) D:6           Sewer (visited)

Altars:
Ashenzari
Cheibriados
Dithmenos
Elyvilon
Fedhas
Gozag
Hepliaklqana
Kikubaaqudgha
Makhleb
Nemelex Xobeh
Okawaru
Qazlal
Ru
Sif Muna
Trog
Vehumet
Wu Jian
Xom
Zin
The Shining One

Shops:
D:1 :   D:6 (

Annotations:
D:7 Dowan


Innate Abilities, Weirdness & Mutations

You can breathe bolts of dispelling energy.
Your rich purple scales are hard. (AC +6)
You cannot fit into any form of body armour.
You are cold-blooded and may be slowed by cold attacks.


Message History

Duvessa hits you but does no damage.
A gnoll comes into view. It is wielding a +0 flail.
Duvessa hits you with a +0 short sword.
Unknown command.
Unknown command.
You barely miss Duvessa.
Duvessa is almost dead.
Duvessa is no longer moving slowly.
Duvessa hits you with a +0 short sword.
The gnoll hits you from afar with a +0 spear.
Unknown command.
Unknown command.
You hit Duvessa.
Duvessa is almost dead.
You have got your breath back.
Duvessa completely misses you. The gnoll barely misses you.
Duvessa hits you but does no damage.
Unknown command.
You slash Duvessa! Lightning courses through Duvessa!
You feel a bit better.
You kill Duvessa!
Cheibriados appreciates the change of pace.
You hear a distant wail of despair.
The gnoll hits you but does no damage.
Your Invocations skill increases to level 1!
Your Evocations skill increases to level 1!
Unknown command.
Unknown command.
You barely miss the ogre.
Dowan seems to find hidden reserves of power!
The gnoll barely misses you. The ogre hits you with a +0 giant club.
Dowan casts a spell.
Dowan blinks!
The gnoll closely misses you.
Unknown command.
You slash the ogre! Lightning courses through the ogre!
The ogre is almost dead.
Your primal bloodlust is almost over.
Dowan breathes, "And she was my only..."
The ogre hits you with a +0 giant club!!
Ouch! That really hurt!
* * * LOW HITPOINT WARNING * * *
The gnoll hits you from afar with a +0 spear!
You die...

.. .. ## .. .. .## #.
#g###. #.g.. # #.#O# .
.#. #. #.#@# ...
....##.##.#)###.....
....#........).z....
#........#..###.###..#
.......<...# ##
........#.## #
#...#..#.###.##
#...#...........
#.#......##....


You could see an ogre and 2 gnolls.

Vanquished Creatures
  Sigmund (D:4)
  A steam dragon (D:7)
  Edmund (D:6)
  Duvessa (D:7)
  An ice beast (D:5)
  3 ogres
  2 bullfrogs (Sewer)
  3 wights (D:7)
  3 orc priests
  5 hounds
  Ijyb (D:4)
  Jessica (D:2)
  3 iguanas
  Terence (D:2)
  3 orc wizards
  8 adders
  3 gnolls (D:4)
  A white imp (D:6)
  2 ufetubi
  A worm (D:5)
  2 dart slugs (D:4)
  11 orcs
  An endoplasm (D:4)
  11 giant cockroaches
  5 goblins
  A hobgoblin (D:1)
  6 jackals
  6 quokkas
  15 ball pythons
  5 bats
  9 frilled lizards
  5 kobolds
  4 rats
126 creatures vanquished.

Notes
Turn   | Place    | Note
-------+----------+-------------------------------------------
     0 | D:1      | Morbidden the Draconian Transmuter began the quest for the
                  | Orb.
     0 | D:1      | Reached XP level 1. HP: 16/16 MP: 3/3
    70 | D:1      | Found Sam Kodgh's Book Shoppe.
   237 | D:1      | Reached XP level 2. HP: 20/23 MP: 3/5
   805 | D:2      | Learned a level 2 spell: Wereblood
  1055 | D:2      | Reached XP level 3. HP: 28/28 MP: 2/6
  1114 | D:2      | Noticed Terence
  1307 | D:3      | Identified the +1 leather armour "Faitozur" {rN++ Regen+
                  | Dex-2}
  1518 | D:3      | Reached XP level 4. HP: 23/35 MP: 7/7
  1821 | D:2      | Noticed Jessica
  1832 | D:3      | Reached skill level 1 in Short Blades
  1844 | D:2      | Killed Jessica
  1845 | D:2      | Reached XP level 5. HP: 37/41 MP: 7/9
  1928 | D:2      | Learned a level 1 spell: Sting
  1992 | D:2      | Killed Terence
  1993 | D:2      | Reached skill level 3 in Spellcasting
  2966 | D:4      | HP: 3/61 [poisoned by an orc priest]
  2972 | D:4      | Reached XP level 6. HP: 3/48 MP: 11/11
  3337 | D:4      | HP: 1/48 [ogre/+0 giant spiked club (29)]
  3447 | D:4      | Found a stormy altar of Qazlal.
  3448 | D:4      | Found a burning altar of Makhleb.
  3449 | D:4      | Found a shimmering blue altar of Sif Muna.
  3450 | D:4      | Found a shadowy altar of Dithmenos.
  4075 | D:4      | Noticed Sigmund
  4092 | D:4      | Killed Sigmund
  4093 | D:4      | Reached skill level 4 in Spellcasting
  4093 | D:4      | Reached skill level 1 in Poison Magic
  4093 | D:4      | Your scales start taking on a rich purple colour.
  4093 | D:4      | Reached skill level 5 in Spellcasting
  4093 | D:4      | Reached XP level 7. HP: 52/56 MP: 10/14
  4187 | D:4      | Noticed Ijyb
  4211 | D:4      | Killed Ijyb
  4346 | D:5      | Entered Level 5 of the Dungeon
  4372 | D:5      | Found an iron altar of Okawaru.
  4419 | D:5      | Found a glowing drain.
  4430 | Sewer    | Entered a sewer
  4882 | Sewer    | Got the Papyrus of Amathomancy
  5331 | D:5      | Reached XP level 8. HP: 10/63 MP: 16/16
  5765 | D:5      | Reached skill level 5 in Unarmed Combat
  5981 | D:6      | Reached skill level 1 in Long Blades
  5982 | D:6      | Noticed Edmund
  5992 | D:6      | Killed Edmund
  6115 | D:6      | Found a staircase to the Ecumenical Temple.
  6142 | D:6      | Found Fiaxux's Weapon Emporium.
  6152 | Temple   | Entered the Ecumenical Temple
  6157 | Temple   | Became a worshipper of Cheibriados the Contemplative
  6372 | D:6      | Learned a level 4 spell: Olgreb's Toxic Radiance
  6556 | D:6      | You fall into a shaft and drop 1 floor!
  6596 | D:7      | Reached skill level 6 in Spellcasting
  6784 | D:7      | Noticed Duvessa
  6787 | D:7      | Noticed Dowan
  6796 | D:7      | Killed Duvessa
  6797 | D:7      | Reached skill level 1 in Invocations
  6797 | D:7      | Reached skill level 1 in Evocations
  6798 | D:7      | HP: 1/66 [ogre/+0 giant club (33)]
  6798 | D:7      | Mangled by a gnoll

Illustrated notes

Levels and vault maps discovered:
D:1:      heliophobic_arrival_battle_scene, layout_basic, serial_shops, shop
D:2:      layout_basic, uniq_jessica, uniq_terence
D:3:      layout_loops_cross
D:4:      wad_lake_hut, layout_layer_cave, mainiacjoe_overflow_alcove_3,
          uniq_ijyb, uniq_sigmund
D:5:      layout_loops_corners, lemuel_doored_altar,
          cheibrodos_sewer_entry_sluice
D:6:      layout_layer_cave, mainiacjoe_overflow_24_doors,
          minmay_temple_entry_glass, serial_shops, shop,
          nicolae_shop_tiny_real_fake_doors, shop, st_stairs_8,
          minmay_three_doors, uniq_edmund
D:7:      layout_loops_ring, uniq_duvessa
Temple:   minmay_freezing_vapour_temple

Skill      XL: |  1  2  3  4  5  6  7  8 |
---------------+-------------------------+-----
Dodging        | 2 3 4 |  4.2
Short Blades   | 1 2 3 |  3.5
Fighting       | 2 3 |  3.7
Spellcasting   | 3 5 6 |  6.1
Unarmed Combat | 4 5 |  5.3
Transmutations | 3 4 |  4.8
Poison Magic   | 1 2 |  2.5
Long Blades    | 1 |  1.8
Invocations    | 1 |  1.0
Evocations     | 1 |  1.1
Throwing       | |  0.7
Stealth        | |  0.9

Action                     |  1- 3 |  4- 6 |  7- 9 || total
---------------------------+-------+-------+-------++-------
  Melee: Unarmed           |    43 |       |     4 ||    47
         Tailslap          |     7 |     9 |    17 ||    33
         Kick              |     6 |    20 |     5 ||    31
         Headbutt          |     7 |     8 |     9 ||    24
         Dagger            |    30 |   135 |    88 ||   253
         Punch             |       |     2 |     5 ||     7
         Long sword        |       |       |    57 ||    57
  Throw: Dart              |       |     5 |    10 ||    15
         Javelin           |       |     2 |       ||     2
   Cast: Beastly Appendage |    16 |    16 |    13 ||    45
         Wereblood         |     1 |    10 |     4 ||    15
         Sting             |       |    16 |    16 ||    32
Ability: Breathe Dispellin |       |       |     9 ||     9
  Evoke: Wand              |       |       |     4 ||     4
    Use: Potion            |       |     4 |       ||     4
         Scroll            |       |       |     2 ||     2
 Armour: Skin              |    28 |    59 |    48 ||   135
  Dodge: Dodged            |    38 |    99 |   108 ||   245

Table legend: (Time is in decaauts)
 A = Elapsed time spent in this place.
 B = Non-inter-level travel time spent in this place.
 C = Inter-level travel time spent in this place.
 D = Time resting spent in this place.
 E = Time spent auto-exploring this place.
 F = Levels seen in this place.
 G = Mean time per level.
                   A        B        C        D        E       F      G
               +--------+--------+--------+--------+--------+-----+--------+
         Total |   7063 |   6688 |    375 |    501 |   4963 |   9 |  784.8 |
       Dungeon |   6288 |   5918 |    370 |    460 |   4431 |   7 |  898.3 |
        Temple |     12 |      7 |      5 |      0 |      0 |   1 |   12.0 |
         Sewer |    763 |    763 |      0 |     41 |    532 |   1 |  763.0 |
               +--------+--------+--------+--------+--------+-----+--------+

Top non-repeatable levels by time:
     D:4: 1783 daAuts
     D:2: 1248 daAuts
     D:5: 1055 daAuts
   Sewer: 763 daAuts
     D:3: 734 daAuts
     D:1: 645 daAuts
     D:6: 552 daAuts
     D:7: 268 daAuts
  Temple: 12 daAuts
